 Dungeon Crawl Stone Soup version 0.18.1-48-g4cf74bf (webtiles) character file.

151 Lennu the Firebug (level 5, -12/29 HPs)
             Began as a Gargoyle Fire Elementalist on July 1, 2016.
             Mangled by an ogre
             ... wielding a +0 giant club
              (22 damage)
             ... on level 3 of the Dungeon.
             The game lasted 00:10:40 (2760 turns).

Lennu the Firebug (Gargoyle Fire Elementalist)      Turns: 2760, Time: 00:10:40

Health: -12/29     AC:  7    Str: 12    XL:     5   Next: 33%
Magic:  1/8        EV: 12    Int: 16    God:
Gold:   142        SH:  0    Dex: 10    Spells: 1 memorised, 8 levels left

rFire  . . .     SeeInvis .     t - +0 trident
rCold  . . .     Gourm    .     a - +0 robe
rNeg   + . .     Faith    .     (no shield)
rPois  ∞         Spirit   .     (no helmet)
rElec  +         Dismiss  .     (no cloak)
rCorr  .         Reflect  .     (no gloves)
SustAt +         Harm     .     d - +0 pair of boots (curse)
MR     .....                    (no amulet)
Stlth  ++........               (no ring)
                                r - ring of sustain attributes

@: not resistant to hostile enchantments, unstealthy
A: negative energy resistance 1, electricity resistance, unbreathing,
petrification resistance, rot immunity, AC +4
a: no special abilities


You were on level 3 of the Dungeon.
You were not hungry.

You visited 1 branch of the dungeon, and saw 3 of its levels.

You collected 142 gold pieces.

Inventory:

Hand Weapons
 t - a +0 trident (weapon)
Armour
 a - a +0 robe (worn)
 d - a cursed +0 pair of boots (worn)
 g - a +0 leather armour
Jewellery
 r - a ring of sustain attributes (left hand)
Scrolls
 e - 3 scrolls of identify {unknown}
 f - 2 scrolls of enchant armour {unknown}
 i - 3 scrolls of remove curse {unknown}
 j - a scroll of blinking {unknown}
 n - a scroll of teleportation {unknown}
 o - a scroll of immolation {unknown}
 q - a scroll of enchant weapon {unknown}
Potions
 h - a potion of flight {unknown}
 k - 2 potions of might {unknown}
Books
 b - a book of Flames

   Spells                             Type                      Level
   a - Flame Tongue                   Conjuration/Fire             1
   b - Throw Flame                    Conjuration/Fire             2
   c - Conjure Flame                  Conjuration/Fire             3
   d - Inner Flame                    Hexes/Fire                   3
   e - Sticky Flame                   Conjuration/Fire             4
   f - Fireball                       Conjuration/Fire             5
Comestibles
 c - 4 bread rations
 m - 2 meat rations
 p - 4 chunks of flesh
 s - a royal jelly


   Skills:
 * Level 1.4 Fighting
 * Level 1.2 Armour
 * Level 2.2 Dodging
 - Level 2.6 Stealth
 + Level 2.5 Spellcasting
 + Level 2.5 Conjurations
 * Level 3.7 Fire Magic


You had 8 spell levels left.
You knew the following spells:

 Your Spells              Type           Power        Failure   Level  Hunger
a - Flame Tongue          Conj/Fire      ##...        8%          1    #......


Dungeon Overview and Level Annotations

Branches:
Dungeon (3/15)

Altars:
Nemelex Xobeh


Innate Abilities, Weirdness & Mutations

You are resistant to torment.
Your stone body is resilient (AC +4).
You are immune to poison.
You resist negative energy.
You are resistant to electric shocks.
You can survive without breathing.
You are immune to petrification.
You are immune to rotting.


Message History

You kill the hobgoblin!
Casting: Flame Tongue
Confirm with . or Enter, or press ? or * to list all spells.
Aiming: Flame Tongue
Press: ? - help, Shift-Dir - straight line, f/p - ogre
Aim: an ogre, wielding a giant club (moderately wounded)
The flame tongue hits the ogre.
The ogre is heavily wounded.
The ogre hits you with a giant club!!
Ouch! That really hurt!
Casting: Flame Tongue
Confirm with . or Enter, or press ? or * to list all spells.
Aiming: Flame Tongue
Press: ? - help, Shift-Dir - straight line, f/p - ogre
Aim: an ogre, wielding a giant club (heavily wounded)
The flame tongue hits the ogre.
The ogre appears unharmed.
The ogre is heavily wounded.
The ogre hits you with a giant club!!
Ouch! That really hurt!
You die...

.#.. #####%...
#........ #........
#........ #........
#.)......
##########@O......
#...........#####.
##...........(.####.
....................
########............
####......... #.####
#......... #.....
#......... #.....
##'#....... #.....


You could see an ogre.

Vanquished Creatures
  2 orc wizards (D:3)
  3 adders
  2 worms (D:2)
  4 dart slugs
  2 giant geckos
  3 orcs (D:3)
  2 ball pythons (D:1)
  3 bats
  7 goblins
  7 hobgoblins
  4 jackals
  3 quokkas
  2 giant newts
  7 kobolds
  3 rats
54 creatures vanquished.

Notes
Turn   | Place    | Note
--------------------------------------------------------------
     0 | D:1      | Lennu the Gargoyle Fire Elementalist began the quest for the Orb.
     0 | D:1      | Reached XP level 1. HP: 10/10 MP: 3/3
   357 | D:1      | Reached XP level 2. HP: 15/15 MP: 0/5
  1015 | D:1      | Reached XP level 3. HP: 19/19 MP: 4/6
  1342 | D:2      | Found a sparkling altar of Nemelex Xobeh.
  1588 | D:2      | Reached XP level 4. HP: 24/24 MP: 7/7
  1740 | D:2      | Found a faded altar to an unknown god.
  1867 | D:2      | Reached skill level 1 in Fighting
  2494 | D:3      | Reached XP level 5. HP: 29/29 MP: 2/8
  2572 | D:3      | Reached skill level 1 in Armour
  2750 | D:3      | Noticed an ogre
  2760 | D:3      | Mangled by an ogre

Skill      XL: |  1  2  3  4  5 |
---------------+----------------+-----
Dodging        | 2 |  2.2
Conjurations   | 2 |  2.5
Fighting       | 1 |  1.4
Armour         | 1 |  1.2
Stealth        | |  2.6
Spellcasting   | |  2.5
Fire Magic     | |  3.7

Action                   |  1- 3 |  4- 6 || total
-------------------------+-------+-------++-------
Melee: Dagger            |     2 |       ||     2
       Unarmed           |     1 |       ||     1
       Spear             |    25 |    13 ||    38
       Short sword       |     8 |       ||     8
       Trident           |       |    17 ||    17
 Cast: Flame Tongue      |    50 |    52 ||   102
 Stab: Sleeping          |     3 |     1 ||     4
  Eat: Chunk             |     3 |     4 ||     7
Armor: Robe              |    18 |     8 ||    26
Dodge: Dodged            |    41 |    29 ||    70
